 Dungeon Crawl Stone Soup version 0.29-a0-919-gd064cfad1c (webtiles) character file.

Game seed: 10222833712350712356

1299 Hubjo the Changer (level 8, -3/57 (61) HPs)
             Began as a Demonspawn Transmuter on July 26, 2022.
             Was a Priest of Cheibriados.
             Slain by a worm (10 damage)
             ... on level 4 of the Dungeon.
             The game lasted 00:07:59 (5502 turns).

Hubjo the Changer (Demonspawn Transmuter)           Turns: 5502, Time: 00:08:00

HP:   -3/57 (61)    AC:  2    Str: 19    XL:     8   Next: 31%
MP:   14/14         EV: 12    Int: 24    God:    Cheibriados [***...]
Gold: 288           SH:  6    Dex: 22    Spells: 14/16 levels left

rFire   + . .      SeeInvis .     - Unarmed
rCold   x . .      Faith    .   (no shield)
rNeg    . . .      Spirit   .   a - +0 robe
rPois   .          Reflect  .   (helmet currently unavailable)
rElec   .          Harm     .   (no cloak)
rCorr   .          Rampage  .   (no gloves)
Will    .....                   (boots currently unavailable)
Stlth   ++........              i - amulet of magic regeneration
HPRegen 2.19/turn               k - ring of fire
MPRegen 0.54/turn               (no ring)

@: appendages, drained, very slow
A: horns 2, talons 2, large bone plates 2, powered by death 1, spiny 1, demonic
touch 1
a: End Transformation, Renounce Religion, Bend Time, Temporal Distortion


You were on level 4 of the Dungeon.
You worshipped Cheibriados.
Cheibriados was most pleased with you.
You had temporarily grown beastly horns and talons.
You visited 1 branch of the dungeon, and saw 7 of its levels.

You collected 288 gold pieces.

Inventory:

Armour
 a - a +0 robe (worn)
Jewellery
 i - an amulet of magic regeneration (around neck)
 k - a ring of fire (left hand)
 r - a ring of protection from fire
 s - a +4 ring of protection
Wands
 n - a wand of iceblast (3)
 u - a wand of paralysis (7)
Scrolls
 f - 2 scrolls of teleportation {unknown}
 h - a scroll of silence {unknown}
 j - 2 scrolls of identify {unknown}
 m - a scroll of summoning {unknown}
 o - a scroll of vulnerability
 p - 2 scrolls of poison {unknown}
 q - 2 scrolls of magic mapping {unknown}
Potions
 b - 2 potions of heal wounds
 c - 4 potions of flight {unknown}
 d - 3 potions of curing {unknown}
 e - a potion of cancellation {unknown}
 g - a potion of degeneration {unknown}
 t - 2 potions of haste {unknown}
 v - a potion of attraction {unknown}


   Skills:
 + Level 4.6 Fighting
 - Level 1.7 Dodging
 + Level 4.9 Unarmed Combat
 + Level 4.5 Spellcasting
 * Level 5.9 Transmutations


You had 14 spell levels left.
You knew the following spells:

 Your Spells              Type           Power      Damage    Failure   Level
a - Beastly Appendage     Tmut           68%        N/A       1%          1
b - Foxfire               Conj/Fire      32%        2x1d5     10%         1

Your spell library contained the following spells:

 Spells                   Type           Power      Damage    Failure   Level
 Wereblood                Tmut           34%        N/A       1%          2
 Spider Form              Tmut/Pois      19%        N/A       9%          3
 Necrotise                Necr           20%        1d5       10%         1
 Shock                    Conj/Air       20%        1d4       10%         1
 Ice Form                 Ice/Tmut       19%        N/A       26%         4
 Conjure Flame            Conj/Fire      8%         6-21      28%         3
 Inner Flame              Hex/Fire       8%         N/A       28%         3
 Swiftness                Air            5%         N/A       28%         3
 Vampiric Draining        Necr           5%         2d6       28%         3
 Airstrike                Air            2%         0-2+      67%         4
 Flame Wave               Conj/Fire      8%         2d5       67%         4
 Agony                    Necr           5%         N/A       95%         5


Dungeon Overview and Level Annotations

Branches:
Dungeon (7/15)             Temple (0/1) D:7

Altars:
Cheibriados
Uskayaw

Annotations:
D:7 exclusion: oklob sapling


Innate Abilities, Weirdness & Mutations

You have temporarily grown beastly horns and talons.
You are mostly covered in large bone plates. (SH +6)
You regenerate a little health from kills.
You are partially covered in sharp spines.
Your touch may inflict minor irresistible damage on your foes.


Message History

You hit the gnoll.
You kill the gnoll!
Cheibriados appreciates the change of pace.
The wight hits you from afar with a +0 halberd!
You feel drained. You block the gnoll's attack.
Found 15 gold pieces.
Your horns disappear.
Your talons disappear.
The gnoll barely misses you. The wight is struck by your spines.
The wight hits you with a +0 halberd! You block the gnoll's attack.
The wight barely misses you.
You see here a +0 halberd.
You are too injured to fight recklessly!
You are too injured to fight recklessly!
Casting: Beastly Appendage (safe; 1% risk of failure)
Confirm with . or Enter, or press ? or * to list all spells.
You grow a pair of large bovine horns.
Your feet morph into talons.
The wight barely misses you. You block the gnoll's attack.
You completely miss the gnoll. Your kick misses the gnoll.
Your headbutt misses the gnoll.
You touch the gnoll.
You punch the gnoll.
The gnoll is almost dead.
The wight hits you with a +0 halberd!
* * * LOW HITPOINT WARNING * * *
You feel drained. The gnoll is struck by your spines.
You kill the gnoll!
Cheibriados thoroughly appreciates the change of pace.
This is a scroll of acquirement!
Something appears at your feet! The wight is struck by your spines.
The wight misses you.
Aiming: Iceblast
Press: ? - help, Shift-Dir - straight line The mass of ice explodes!
The iceblast engulfs the wight.
The wight partially resists.
The wight is severely damaged.
The iceblast engulfs you!
You feel a painful chill!
* * * LOW HITPOINT WARNING * * *
The iceblast engulfs the worm!
The worm is heavily wounded.
You hear a shout!
The worm is struck by your spines. The worm bites you!
You die...

# ##### .. .# .....
#.# .# ##### ### #.#
#.## ...#.##...##
#.#.#.....#.
$.......... ###
########.#z/...#
#.######......))@w...#
...............)######
.........########
.....##### ....##
...## #.## ###


You could see a worm and a wight.

Vanquished Creatures
  Grinder (D:3)
  A water moccasin (D:5)
  A sky beast (D:7)
  A phantom (D:4)
  A bullfrog (D:7)
  2 scorpions (D:4)
  2 wights (D:4)
  2 howler monkeys (D:7)
  2 orc priests
  Jessica (D:3)
  An iguana (D:7)
  2 orc wizards
  Natasha (thrice) (D:2)
  4 adders
  10 gnolls
  2 white imps
  2 worms
  6 orcs
  5 endoplasms
  3 giant cockroaches
  5 goblins
  7 hobgoblins
  5 jackals
  10 kobolds
  4 quokkas
  7 ball pythons
  5 bats
  3 frilled lizards (D:1)
  4 rats
102 creatures vanquished.

Vanquished Creatures (others)
  39 foxfires
  10 plants (D:7)
49 creatures vanquished.

Grand Total: 151 creatures vanquished

Notes
Turn   | Place    | Note
-------+----------+-------------------------------------------
     0 | D:1      | Hubjo the Demonspawn Transmuter began the quest for the
                  | Orb.
     0 | D:1      | Reached XP level 1. HP: 15/15 MP: 3/3
   411 | D:1      | Gained mutation: You are partially covered in sharp spines.
                  | [demonic ancestry]
   411 | D:1      | Reached XP level 2. HP: 4/21 MP: 5/5
   420 | D:1      | HP: 1/21 [bat (1)]
   422 | D:1      | Reached skill level 2 in Transmutations
   862 | D:1      | Found a faded altar of an unknown god.
   885 | D:1      | Prayed at the altar of an unknown god.
   885 | D:1      | Became a worshipper of Cheibriados the Contemplative
   885 | D:1      | Reached * piety under Cheibriados
   888 | D:1      | Learned a level 1 spell: Foxfire
  1264 | D:1      | Gained mutation: You regenerate a little health from kills.
                  | [demonic ancestry]
  1264 | D:1      | Reached XP level 3. HP: 27/27 MP: 4/6
  1614 | D:2      | Noticed Natasha
  1622 | D:2      | Killed Natasha
  1696 | D:2      | Noticed Natasha
  1701 | D:2      | Killed Natasha
  1702 | D:2      | Reached XP level 4. HP: 17/34 MP: 2/7
  1947 | D:2      | Noticed Natasha
  1952 | D:2      | Killed Natasha
  2027 | D:2      | Reached skill level 3 in Transmutations
  2029 | D:2      | Reached ** piety under Cheibriados
  2034 | D:2      | Gained mutation: You are partially covered in large bone
                  | plates. (SH +4) [demonic ancestry]
  2034 | D:2      | Reached XP level 5. HP: 23/39 MP: 9/9
  2289 | D:3      | Noticed Grinder
  2298 | D:3      | Paralysed by Grinder for 5 turns
  2315 | D:3      | Killed Grinder
  2316 | D:3      | Reached skill level 4 in Transmutations
  2316 | D:3      | Gained mutation: You are mostly covered in large bone
                  | plates. (SH +6) [demonic ancestry]
  2316 | D:3      | Reached XP level 6. HP: 13/47 MP: 8/10
  2842 | D:3      | Identified the +1 ring mail "Ywi Riosmo" {Str+3}
  3007 | D:3      | Noticed Jessica
  3017 | D:3      | Killed Jessica
  3106 | D:3      | Got Jessica's Handbook of Blasphemous Rituals
  3408 | D:4      | Reached XP level 7. HP: 39/52 MP: 12/12
  3595 | D:4      | Reached *** piety under Cheibriados
  3994 | D:4      | You fall into a shaft and drop 3 floors!
  4105 | D:7      | Reached skill level 5 in Transmutations
  4347 | D:7      | Found a staircase to the Ecumenical Temple.
  4651 | D:5      | Entered Level 5 of the Dungeon
  4786 | D:5      | Found a hide-covered altar of Uskayaw.
  4832 | D:5      | Gained mutation: Your touch may inflict minor irresistible
                  | damage on your foes. [demonic ancestry]
  4832 | D:5      | Reached XP level 8. HP: 37/60 MP: 14/14
  5501 | D:4      | Identified a scroll of acquirement
  5501 | D:4      | Acquired 384 gold pieces
  5502 | D:4      | Slain by a worm

Illustrated notes

Levels and vault maps discovered:
D:1:      ncdulo_wetmaze, layout_rooms, nicolae_ecumenical_snake_handling,
          minmay_pentomino_w4
D:2:      layout_rooms, uniq_natasha
D:3:      layout_rooms, hangedman_decor_slide_cut, nrook_campfire,
          columned_hall_lemuel, kennysheep_jessica_study, uniq_grinder
D:4:      layout_loops_ring, minmay_misc_feat_x, chequers_jeans
D:5:      layout_gridville, nicolae_uskayaw_suspiria, grunt_decor_resistance
D:6:      layout_cave_pools, marbit_many_paths, grunt_decor_junction,
          nicolae_underground_beach
D:7:      layout_loops_cross, kennysheep_little_box, old_standard_altar,
          minmay_temple_entry_oklob

Skill      XL: |  1  2  3  4  5  6  7 |
---------------+----------------------+-----
Transmutations | 2 3 4 5 |  5.9
Fighting       | 2 3 4 |  4.6
Unarmed Combat | 3 4 |  4.9
Spellcasting   | 3 4 |  4.5
Dodging        | |  1.7

Action                   |  1- 3 |  4- 6 |  7- 9 || total
-------------------------+-------+-------+-------++-------
Melee: Unarmed           |    69 |    72 |    93 ||   234
       Kick              |    12 |    20 |    33 ||    65
       Headbutt          |     4 |    12 |    18 ||    34
       Punch             |       |     1 |     6 ||     7
       Touch             |       |       |     7 ||     7
 Cast: Beastly Appendage |    17 |    24 |    15 ||    56
       Foxfire           |    14 |     5 |     3 ||    22
Evoke: Wand              |       |       |     1 ||     1
  Use: Potion            |     1 |     3 |       ||     4
       Scroll            |       |     1 |     1 ||     2
 Stab: Sleeping          |     2 |     3 |     2 ||     7
Armor: Robe              |    11 |     7 |     3 ||    21
       Skin              |     4 |       |       ||     4
Dodge: Dodged            |    35 |    27 |    58 ||   120
Block: Other             |       |    20 |    27 ||    47

Table legend: (Time is in decaauts)
 A = Elapsed time spent in this place.
 B = Non-inter-level travel time spent in this place.
 C = Inter-level travel time spent in this place.
 D = Time resting spent in this place.
 E = Time spent auto-exploring this place.
 F = Levels seen in this place.
 G = Mean time per level.
                   A        B        C        D        E       F      G
               +--------+--------+--------+--------+--------+-----+--------+
         Total |   6570 |   6275 |    295 |    567 |   4881 |   7 |  938.6 |
       Dungeon |   6570 |   6275 |    295 |    567 |   4881 |   7 |  938.6 |
               +--------+--------+--------+--------+--------+-----+--------+

Top non-repeatable levels by time:
     D:1: 1744 daAuts
     D:3: 1452 daAuts
     D:4: 937 daAuts
     D:5: 901 daAuts
     D:2: 821 daAuts
     D:7: 421 daAuts
     D:6: 291 daAuts
